 Dungeon Crawl Stone Soup version 0.29.1-15-g9cfb28693d (webtiles) character file.

Game seed: 14944841475614527331

632 kingofthe the Magician (level 7, -4/36 HPs)
             Began as a Deep Elf Fire Elementalist on Mar 4, 2023.
             Slain by a wight
             ... wielding a +5 battleaxe
              (18 damage)
             ... on level 5 of the Dungeon.
             The game lasted 00:10:07 (3848 turns).

kingofthe the Magician (Deep Elf Fire Elementalist) Turns: 3848, Time: 00:10:08

Health: -4/36      AC:  3    Str:  5    XL:     7   Next: 24%
Magic:  15/17      EV: 14    Int: 22    God:
Gold:   154        SH:  0    Dex: 15    Spells: 14/17 levels left

rFire   . . .      SeeInvis .   v - +2 dagger (flame)
rCold   . . .      Faith    .   (no shield)
rNeg    . . .      Spirit   .   a - +0 robe
rPois   .          Reflect  .   h - +0 helmet
rElec   .          Harm     .   (no cloak)
rCorr   .          Rampage  .   (no gloves)
Will    .....                   (no boots)
Stlth   +++.......              l - amulet of magic regeneration
HPRegen 0.12/turn               (no ring)
MPRegen 0.55/turn               (no ring)

@: no status effects
A: no striking features
a: no special abilities


You were on level 5 of the Dungeon.
You visited 1 branch of the dungeon, and saw 5 of its levels.

You collected 224 gold pieces.
You spent 70 gold pieces at shops.


   Skills:
 * Level 5.0 Dodging
 + Level 4.1 Stealth
 * Level 5.6 Spellcasting
 * Level 4.0 Conjurations
 * Level 5.2 Fire Magic


You had 14 spell levels left.
You knew the following spells:

 Your Spells              Type           Power      Damage    Failure   Level
a - Foxfire               Conj/Fire      100%       2x1d9     1%          1
b - Scorch                Fire           58%        2d7       1%          2

Your spell library contained the following spells:

 Spells                   Type           Power      Damage    Failure   Level
 Conjure Flame            Conj/Fire      26%        6-21      4%          3
 Inner Flame              Hex/Fire       17%        N/A       10%         3
 Flame Wave               Conj/Fire      26%        2d8       14%         4

Inventory:

Hand Weapons
 v - a +2 dagger of flaming (weapon)
Armour
 a - a +0 robe (worn)
 h - a +0 helmet (worn)
Jewellery
 l - an amulet of magic regeneration (around neck)
Scrolls
 c - 2 scrolls of blinking {unknown}
 d - 3 scrolls of identify {unknown}
 e - 3 scrolls of enchant armour {unknown}
 f - 2 scrolls of immolation {unknown}
 g - a scroll of acquirement {unknown}
 k - a scroll of poison {unknown}
 n - 2 scrolls of summoning {unknown}
 p - a scroll of amnesia {unknown}
 q - a scroll of noise {unknown}
 s - a scroll of magic mapping {unknown}
 t - a scroll of vulnerability {unknown}
 u - 2 scrolls of teleportation {unknown}
 w - a scroll of torment {unknown}
 x - a scroll of butterflies {unknown}
Potions
 b - a potion of magic
 i - a potion of lignification {unknown}
 j - a potion of ambrosia {unknown}
 m - a potion of heal wounds {@q2}
 o - 2 potions of haste {unknown}
 r - a potion of brilliance {unknown}
 z - a potion of flight {unknown}

Dungeon Overview and Level Annotations

Branches:
Dungeon (5/15)
 Temple: D:4-7

Altars:
Kikubaaqudgha
Ru
Trog
Xom
The Shining One

Shops:
D:3

! .. ## ##.## #. ...#
#.### #..# ...# #..#
###### #######..# #..#
#..... #.P..^#..#
#..####.####
#P...^#v.#####..##...#
#^P⚑P.#v@zz..#...).###
#P.P..#§$###.#..######.
#^P...#..# #.#>†)......
###.###### #.#......##.
#.#.#.#####.#......#
#..##.#.....#......#
#P.##.#.##..#......#
##.##.#.##..#......#
#..#'#†##)........#


You could see 2 wights.


Message History

You conjure some foxfire!
The foxfire hits the wight but does no damage.
The wight is heavily damaged.
Your foxfire dissipates!
Casting: Foxfire (safe; 1% risk of failure)
Confirm with . or Enter, or press ? or * to list all spells.
You conjure some foxfire!
Casting: Foxfire (safe; 1% risk of failure)
Confirm with . or Enter, or press ? or * to list all spells.
You conjure some foxfire!
The foxfire hits the wight but does no damage.
The wight is moderately damaged.
The foxfire hits the wight.
The wight is heavily damaged.
Casting: Foxfire (safe; 1% risk of failure)
Confirm with . or Enter, or press ? or * to list all spells.
You conjure some foxfire!
The foxfire hits the wight!
The wight is almost destroyed.
The foxfire hits the wight but does no damage.
The wight is almost destroyed.
Casting: Foxfire (safe; 1% risk of failure)
Confirm with . or Enter, or press ? or * to list all spells.
You conjure some foxfire!
The foxfire hits the wight but does no damage.
The wight is almost destroyed.
The foxfire hits the wight but does no damage.
The wight is almost destroyed.
The wight hits you with a +5 battleaxe!!
Ouch! That really hurt!
You die...

Skill      XL: |  1  2  3  4  5  6  7 |
---------------+----------------------+-----
Dodging        | 3 4 5 |  5.0
Conjurations   | 2 3 4 |  4.0
Fire Magic     | 4 5 |  5.2
Stealth        | 3 4 |  4.1
Spellcasting   | 4 5 |  5.6

Action                   |  1- 3 |  4- 6 |  7- 9 || total
-------------------------+-------+-------+-------++-------
 Cast: Foxfire           |    52 |   105 |    26 ||   183
Armor: Robe              |     1 |     3 |     1 ||     5
Dodge: Dodged            |     2 |    11 |    10 ||    23

Levels and vault maps discovered:
D:1:      saegor_arrival_under_anarchy, layout_basic,
          shapermc_ecumenical_altar_mp_vishouse
D:2:      layout_rooms, uniq_natasha
D:3:      layout_basic, chequers_temple_overflow_statue_of_worship,
          serial_shops, shop, minmay_pentomino_pile
D:4:      layout_layer_cave, serial_forest, infiniplex_forest_straight_2,
          infiniplex_forest_lined_3_way, infiniplex_forest_lined_corner,
          infiniplex_forest_clump_double, infiniplex_forest_lined_room_2,
          infiniplex_forest_clump_curved, infiniplex_forest_clump_diagonal,
          infiniplex_forest_lined_room_2, infiniplex_forest_clump_tiny,
          small_statue_intersection
D:5:      layout_basic, nicolae_ru_the_path_less_chosen,
          nicolae_fountain_basement

Notes
Turn   | Place    | Note
-------+----------+-------------------------------------------
     0 | D:1      | kingofthe the Deep Elf Fire Elementalist began the quest
                  | for the Orb.
     0 | D:1      | Reached XP level 1. HP: 10/10 MP: 6/6
   431 | D:1      | Reached XP level 2. HP: 15/15 MP: 4/8
   434 | D:1      | Learned a level 2 spell: Scorch
   646 | D:1      | Found a faded altar of an unknown god.
   956 | D:2      | Noticed Natasha
   961 | D:2      | Killed Natasha
   962 | D:2      | Reached skill level 3 in Dodging
   962 | D:2      | Reached XP level 3. HP: 19/19 MP: 5/10
  1045 | D:2      | Reached skill level 2 in Conjurations
  1207 | D:2      | Noticed Natasha
  1212 | D:2      | Killed Natasha
  1213 | D:2      | Reached XP level 4. HP: 24/24 MP: 8/11
  1252 | D:2      | Reached skill level 4 in Fire Magic
  1325 | D:3      | Found an ancient bone altar of Kikubaaqudgha.
  1326 | D:3      | Found a glowing golden altar of the Shining One.
  1327 | D:3      | Found a bloodstained altar of Trog.
  1328 | D:3      | Found a shimmering altar of Xom.
  1456 | D:3      | Reached skill level 3 in Stealth
  1502 | D:3      | Found Gorautoc's Distillery.
  1532 | D:3      | Bought a potion of heal wounds for 70 gold pieces
  1737 | D:3      | Reached skill level 4 in Spellcasting
  2392 | D:4      | Reached XP level 5. HP: 28/28 MP: 10/13
  2476 | D:4      | Noticed a phantom
  2484 | D:4      | Killed a phantom
  2485 | D:4      | Reached skill level 4 in Dodging
  2485 | D:4      | Reached skill level 3 in Conjurations
  2524 | D:4      | Reached XP level 6. HP: 32/32 MP: 10/15
  3290 | D:5      | Entered Level 5 of the Dungeon
  3294 | D:5      | Reached skill level 5 in Spellcasting
  3542 | D:5      | Reached skill level 5 in Fire Magic
  3545 | D:5      | Reached skill level 4 in Stealth
  3545 | D:5      | Reached XP level 7. HP: 13/36 MP: 12/17
  3804 | D:5      | Found a sacrificial altar of Ru.
  3829 | D:5      | Reached skill level 5 in Dodging
  3829 | D:5      | Reached skill level 4 in Conjurations
  3848 | D:5      | Slain by a wight

Vanquished Creatures
  An ogre (D:5)
  A phantom (D:4)
  2 scorpions
  A wight (D:5)
  A jelly (D:5)
  A hound (D:5)
  An orc priest (D:4)
  An iguana (D:5)
  Natasha (twice) (D:2)
  2 orc wizards (D:4)
  4 adders
  3 dart slugs
  5 orcs (D:4)
  9 endoplasms
  A giant cockroach (D:3)
  3 goblins
  2 hobgoblins
  5 quokkas
  4 ball pythons
  A bat (D:3)
  4 frilled lizards
  3 kobolds
  5 rats
62 creatures vanquished.

Vanquished Creatures (others)
  311 foxfires
  4 plants (D:5)
315 creatures vanquished.

Grand Total: 377 creatures vanquished

Table legend: (Time is in decaauts)
 A = Elapsed time spent in this place.
 B = Non-inter-level travel time spent in this place.
 C = Inter-level travel time spent in this place.
 D = Time resting spent in this place.
 E = Time spent auto-exploring this place.
 F = Levels seen in this place.
 G = Mean time per level.
                   A        B        C        D        E       F      G
               +--------+--------+--------+--------+--------+-----+--------+
         Total |   3847 |   3779 |     68 |    167 |   3131 |   5 |  769.4 |
       Dungeon |   3847 |   3779 |     68 |    167 |   3131 |   5 |  769.4 |
               +--------+--------+--------+--------+--------+-----+--------+

Top non-repeatable levels by time:
     D:4: 991 daAuts
     D:3: 989 daAuts
     D:1: 846 daAuts
     D:5: 545 daAuts
     D:2: 473 daAuts

Table legend:
 A = Non-vault XP
 B = Vault XP
 C = Vault XP percentage of total XP
 D = Non-vault monster count
 E = Vault monster count
 F = Vault count percentage of total count
                 A         B        C        D         E       F
            +---------+---------+-------+---------+---------+-------
      Total |     782 |     121 |  13.4 |      54 |       8 |  12.9
            +---------+---------+-------+---------+---------+-------
        D:1 |      20 |       0 |   0.0 |      11 |       0 |   0.0
        D:2 |      66 |      35 |  34.7 |      10 |       1 |   9.1
        D:3 |      31 |       8 |  20.5 |      11 |       5 |  31.2
        D:4 |     324 |       0 |   0.0 |      16 |       0 |   0.0
        D:5 |     341 |      78 |  18.6 |       6 |       2 |  25.0
            +---------+---------+-------+---------+---------+-------
